 Dungeon Sprint DCSS version 0.31-a0-726-g3c93526463 (webtiles) character file.

Game seed: 3864910286574434785

7778 Conn the Arsonist (level 11, -11/71 HPs)
             Began as an Octopode Fire Elementalist on Sept 11, 2023.
             Was a High Priest of Sif Muna.
             Engulfed by a cloud of flame (23 damage)
             ... in the Dungeon (Sprint I: "Red Sonja").
             The game lasted 00:14:53 (1766 turns).

Conn the Arsonist (Octopode Fire Elementalist)      Turns: 1766, Time: 00:14:54

Health: -11/71     AC:  1    Str:  8 (9)  XL:     11   Next: 20%
Magic:  11/28      EV: 15    Int: 21      God:    Sif Muna [*****.]
Gold:   660        SH:  0    Dex: 12      Spells: 9/36 levels left

rFire   . . .        g - +2 dagger (venom)
rCold   . . .        (no shield)
rNeg    . . .        (helmet restricted)
rPois   .            (no amulet)
rElec   +            (no ring)
rCorr   .            (no ring)
SInv    .            (no ring)
Will    .....        (no ring)
Stlth   +++          (no ring)
HPRegen 0.31/turn    (no ring)
MPRegen 0.21/turn    (no ring)
                     (no ring)

%: no teleportation
@: very slightly contaminated
A: almost no armour, amphibious, 8 rings, camouflage 1, gelatinous body 1,
(nimble swimmer 1), tentacles, deterioration 1, electricity resistance
a: Renounce Religion, Channel Magic, Forget Spell, Divine Exegesis


You were in the Dungeon.
You worshipped Sif Muna.
Sif Muna was extremely pleased with you.
You visited 1 branch You collected 1111 gold pieces.
You spent 451 gold pieces at shops.

Inventory:

Hand Weapons
 g - a +2 dagger of venom (weapon)
Missiles
 h - 6 silver javelins
 k - 5 curare-tipped darts (quivered)
Wands
 e - a wand of flame (12)
 i - a wand of roots (11)
Scrolls
 f - a scroll of blinking
Potions
 a - 3 potions of magic
 b - 3 potions of curing
 c - a potion of heal wounds
 l - a potion of lignification


   Skills:
 - Level 5.0 Fighting
 + Level 1.9 Throwing
 + Level 5.6 Dodging
 - Level 4.3 Stealth
 + Level 13.1 Spellcasting
 * Level 11.2 Conjurations
 - Level 3.0 Hexes
 + Level 6.7 Summonings
 * Level 2.6 Transmutations
 + Level 14.6 Fire Magic
 + Level 1.1 Air Magic
 + Level 1.3 Poison Magic
 * Level 9.5 Invocations


You had 9 spell levels left.
You knew the following spells:

 Your Spells              Type           Power      Damage    Failure   Level
a - Foxfire               Conj/Fire      100%       2x1d9     1%          1
b - Scorch                Fire           100%       2d9       1%          2
c - Inner Flame           Hex/Fire       50%        N/A       1%          3
d - Flame Wave            Conj/Fire      62%        2d14      1%          4
e - Summon Guardian Gole  Hex/Summ       34%        N/A       1%          3
f - Call Canine Familiar  Summ           42%        N/A       1%          3
g - Summon Small Mammal   Summ           100%       N/A       1%          1
h - Mephitic Cloud        Conj/Pois/Air  32%        N/A       2%          3
i - Call Imp              Summ           84%        N/A       1%          2
j - Irradiate             Conj/Tmut      21%        3d18      8%          5

Your spell library contained the following spells:

 Spells                   Type           Power      Damage    Failure   Level
 Magic Dart               Conj           100%       1d8       1%          1
 Volatile Blastmotes      Fire/Tloc      88%        2d17      1%          3
 Wereblood                Tmut           24%        N/A       2%          2
 Poisonous Vapours        Pois/Air       36%        N/A       4%          2
 Sublimation of Blood     Necr           13%        N/A       7%          2
 Arcjolt                  Conj/Air       19%        1d29      11%         5
 Airstrike                Air            9%         2d(2-18)  30%         4
 Conjure Ball Lightning   Conj/Air       19%        3x3d6     50%         6
 Summon Hydra             Summ           21%        N/A       94%         7


Dungeon Overview and Level Annotations

Branches:
Dungeon (1/1)

Altars:
Cheibriados
Dithmenos
Elyvilon
Fedhas
Gozag
Hepliaklqana
Kikubaaqudgha
Makhleb
Nemelex Xobeh
Okawaru
Qazlal
Ru
Sif Muna
Trog
Uskayaw
Vehumet
Wu Jian
Xom
Yredelemnul
Zin
The Shining One
Jiyva
Lugonu

Shops:
D ::*=?![


Innate Abilities, Weirdness & Mutations

You cannot wear most types of armour.
You are amphibious.
You can wear up to eight rings at the same time.
Your skin changes colour to match your surroundings (Stealth+).
Your rubbery body absorbs attacks. (AC +1, EV +1)
((You are camouflaged when in or above water. (Stealth+)))
You have tentacles for arms and can constrict up to eight enemies at once.
Your body sometimes deteriorates upon taking damage.
You are resistant to electric shocks. (rElec)


Message History

Unknown command.
Unknown command.
Aiming: Fastroot
Press: ? - help, Shift-Dir - straight line, p - jelly
Aim: Disturbance (purple smoke)
The roots erupt in riotous growth!
Roots grab something.
The jelly is unaffected. x2; The grasping roots constrict something.
The jelly quivers.
Something hits you but does no damage.
Unknown command.
Unknown command.
Unknown command.
Unknown command.
Casting: Irradiate (dangerous; 8% risk of failure)
Confirm with . or Enter, or press ? or * to list all spells.
You erupt in a fountain of uncontrolled magic!
Something is blasted with magical radiation!!
Sif Muna accepts your kill.
Reactivating autopickup.
You feel a bit more experienced.
The jelly is blasted with magical radiation!!!
Sif Muna accepts your kill.
The jelly is blasted with magical radiation!!
The jelly is almost dead.
The jelly explodes!
The fiery explosion engulfs the jelly!!
You kill the jelly!
Sif Muna accepts your kill.
The fiery explosion engulfs the jelly!!
You kill the jelly!
Sif Muna accepts your kill.
The fiery explosion engulfs your guardian golem!!
Your guardian golem resists.
Your guardian golem is severely damaged.
The fiery explosion engulfs you!!
* * * LOW HITPOINT WARNING * * *
Your guardian golem disappears in a puff of smoke!
You are engulfed in blazing flames.
You die...

__##_.#'##'#####§###
__###'#(#.(..###.'.#
#####.####'###.###.#
...'...'.....'.∩##†#
####...###########†#
.####.### #§#
..#.#'#.#.. +§#
..#.....#++.######.#
..#.....#.J.....@#§#
..#######.J...§§#J§#
..# ....§.§§#### ..#
......§~# ..#
....~~~## ###
.~~~~## .∩# #####
..# .∩#


You could see 3 jellies.

Vanquished Creatures
  2 centaur warriors (D)
  Sonja (D)
  A deep troll (D)
  An oklob plant (D)
  8 shining eyes (D)
  An unseen horror (D)
  2 kobold demonologists (D)
  A hornet (D)
  Sigmund (D)
  A slime creature (D)
  A yak (D)
  2 redbacks (D)
  4 floating eyes (D)
  An ogre (D)
  5 jellies (D)
  Ijyb (D)
  2 ballistomycete spores (D)
35 creatures vanquished.

Vanquished Creatures (collateral kills)
  2 floating eyes (D)
2 creatures vanquished.

Vanquished Creatures (others)
  34 foxfires (D)
34 creatures vanquished.

Grand Total: 71 creatures vanquished

Notes
Turn   | Place    | Note
-------+----------+-------------------------------------------
     0 | D        | Conn the Octopode Fire Elementalist began the quest for the
                  | Orb.
     0 | D        | Reached XP level 1. HP: 11/11 MP: 3/3
     1 | D        | Noticed Ijyb
    10 | D        | Killed Ijyb
    11 | D        | Reached skill level 4 in Fire Magic
    11 | D        | Reached XP level 2. HP: 14/17 MP: 0/6
    11 | D        | Reached XP level 3. HP: 17/21 MP: 0/7
    72 | D        | Learned a level 2 spell: Scorch
    76 | D        | Learned a level 3 spell: Inner Flame
    82 | D        | Noticed an ogre
    95 | D        | Killed an ogre
    96 | D        | Reached skill level 5 in Spellcasting
    96 | D        | Reached skill level 6 in Fire Magic
    96 | D        | Reached XP level 4. HP: 27/27 MP: 2/11
   118 | D        | Learned a level 4 spell: Flame Wave
   137 | D        | Noticed Sigmund
   141 | D        | Killed Sigmund
   142 | D        | Reached skill level 5 in Conjurations
   142 | D        | Reached skill level 8 in Fire Magic
   142 | D        | Reached XP level 5. HP: 21/31 MP: 0/13
   142 | D        | Reached XP level 6. HP: 24/36 MP: 0/15
   254 | D        | Found an ornate altar of the Wu Jian Council.
   254 | D        | Found a shimmering blue altar of Sif Muna.
   256 | D        | Found a radiant altar of Vehumet.
   260 | D        | Became a worshipper of Sif Muna the Loreminder
   289 | D        | Found Fineigh's Jewellery Emporium.
   289 | D        | Found an ancient bone altar of Kikubaaqudgha.
   289 | D        | Found a hazy altar of Hepliaklqana.
   289 | D        | Found a hide-covered altar of Uskayaw.
   289 | D        | Found a basalt altar of Yredelemnul.
   289 | D        | Found an opulent altar of Gozag.
   289 | D        | Found a snail-covered altar of Cheibriados.
   289 | D        | Found a sacrificial altar of Ru.
   289 | D        | Found a shadowy altar of Dithmenos.
   289 | D        | Noticed a yak
   290 | D        | Found a stormy altar of Qazlal.
   290 | D        | Found a blossoming altar of Fedhas.
   290 | D        | Found a bloodstained altar of Trog.
   290 | D        | Found an iron altar of Okawaru.
   290 | D        | Found a glowing silver altar of Zin.
   295 | D        | Killed a yak
   296 | D        | Reached skill level 9 in Fire Magic
   296 | D        | Reached XP level 7. HP: 42/42 MP: 10/17
   297 | D        | Found a glowing golden altar of the Shining One.
   297 | D        | Found a white marble altar of Elyvilon.
   299 | D        | Found a sparkling altar of Nemelex Xobeh.
   340 | D        | Found a burning altar of Makhleb.
   340 | D        | Found a viscous altar of Jiyva.
   340 | D        | Found a shimmering altar of Xom.
   340 | D        | Found a corrupted altar of Lugonu.
   340 | D        | Noticed a slime creature
   347 | D        | Killed a slime creature
   347 | D        | Reached * piety under Sif Muna
   348 | D        | Reached skill level 5 in Dodging
   348 | D        | Reached skill level 10 in Fire Magic
   395 | D        | Noticed Sonja
   400 | D        | Killed Sonja
   401 | D        | Reached skill level 11 in Fire Magic
   401 | D        | Reached XP level 8. HP: 48/52 MP: 8/20
   523 | D        | Found Xeiniem's Book Boutique.
   531 | D        | Bought a book of Callings for 220 gold pieces
   535 | D        | Learned a level 3 spell: Summon Guardian Golem
   539 | D        | Learned a level 3 spell: Call Canine Familiar
   541 | D        | Learned a level 1 spell: Summon Small Mammal
   553 | D        | Noticed a deep troll
   564 | D        | Killed a deep troll
   581 | D        | Found Rolel's Armour Emporium.
   631 | D        | Noticed a shining eye
   631 | D        | Noticed a shining eye
   631 | D        | Noticed a shining eye
   635 | D        | Paralysed by a floating eye for 4 turns
   635 | D        | Reached ** piety under Sif Muna
   636 | D        | Reached skill level 5 in Invocations
   636 | D        | Reached XP level 9. HP: 59/59 MP: 15/22
   640 | D        | Reached skill level 12 in Fire Magic
   642 | D        | Killed a shining eye
   643 | D        | Reached skill level 5 in Fighting
   645 | D        | Killed a shining eye
   646 | D        | Reached skill level 1 in Throwing
   646 | D        | Reached skill level 10 in Spellcasting
   646 | D        | Noticed a shining eye
   648 | D        | Reached *** piety under Sif Muna
   649 | D        | Killed a shining eye
   774 | D        | Noticed a shining eye
   774 | D        | Gained mutation: You occasionally lose the ability to drink
                  | potions when taking damage. [a shining eye]
   776 | D        | Lost mutation: You occasionally lose the ability to drink
                  | potions when taking damage. [potion of mutation]
   776 | D        | Gained mutation: You are resistant to electric shocks.
                  | (rElec) [potion of mutation]
   776 | D        | Gained mutation: Your body sometimes deteriorates upon
                  | taking damage. [potion of mutation]
   788 | D        | Killed a shining eye
   789 | D        | Reached skill level 13 in Fire Magic
   789 | D        | Reached XP level 10. HP: 66/66 MP: 8/24
   797 | D        | Noticed a shining eye
   797 | D        | Noticed a shining eye
   803 | D        | Noticed a shining eye
   813 | D        | Reached **** piety under Sif Muna
   813 | D        | Killed a shining eye
   813 | D        | Killed a shining eye
   813 | D        | Killed a shining eye
   814 | D        | Reached skill level 10 in Conjurations
   814 | D        | Reached skill level 5 in Summonings
   952 | D        | Killed a shining eye
  1028 | D        | Found Huro's Magic Scroll Shop.
  1028 | D        | Found Daemun's Book Shoppe.
  1028 | D        | Found Opluna's Distillery.
  1028 | D        | Found Usob's General Store.
  1052 | D        | Bought a book of Minor Magic for 198 gold pieces
  1054 | D        | Bought a potion of lignification for 33 gold pieces
  1072 | D        | Learned a level 3 spell: Mephitic Cloud
  1076 | D        | Learned a level 2 spell: Call Imp
  1098 | D        | Noticed a centaur warrior
  1101 | D        | Noticed a centaur warrior
  1115 | D        | Killed a centaur warrior
  1115 | D        | Reached ***** piety under Sif Muna
  1115 | D        | Received a gift from Sif Muna
  1116 | D        | Reached skill level 14 in Fire Magic
  1119 | D        | Killed a centaur warrior
  1121 | D        | Got Sif Muna's Book of Violent Nephomancy {god gift}
  1242 | D        | Learned a level 5 spell: Irradiate
  1248 | D        | Noticed a kobold demonologist
  1250 | D        | Noticed a kobold demonologist
  1252 | D        | Paralysed by a floating eye for 2 turns
  1254 | D        | Noticed a smoke demon
  1256 | D        | Reached skill level 1 in Poison Magic
  1256 | D        | Reached XP level 11. HP: 71/71 MP: 12/27
  1257 | D        | Reached skill level 1 in Transmutations
  1258 | D        | Reached skill level 1 in Air Magic
  1388 | D        | Noticed an oklob plant
  1642 | D        | Killed an oklob plant
  1764 | D        | Received a gift from Sif Muna
  1766 | D        | Engulfed by a cloud of flame

Illustrated notes

Levels and vault maps discovered:
D:        dungeon_sprint_1 [red_sonja_temple_1, red_sonja_temple_small_1]

Skill      XL: |  1  2  3  4  5  6  7  8  9 10 11 |
---------------+----------------------------------+-----
Stealth        | 3 4 |  4.3
Spellcasting   | 3 5 6 8 9 10 12 13 | 13.1
Conjurations   | 2 3 5 6 7 8 9 10 11 | 11.2
Fire Magic     | 4 6 8 9 11 13 14 | 14.6
Dodging        | 3 4 5 |  5.6
Hexes          | 3 |  3.0
Fighting       | 3 4 5 |  5.0
Invocations    | 3 5 7 9 |  9.5
Summonings     | 2 4 6 |  6.7
Throwing       | 1 |  1.9
Poison Magic   | 1 |  1.3
Transmutations | 2 |  2.6
Air Magic      | 1 |  1.1

Action                     |  1- 3 |  4- 6 |  7- 9 | 10-12 || total
---------------------------+-------+-------+-------+-------++-------
  Melee: Unarmed           |     5 |       |       |       ||     5
         Tentacles         |     3 |       |       |     1 ||     4
         Constrict         |     1 |       |       |     1 ||     2
         Punch             |     1 |       |       |       ||     1
         Dagger            |       |       |       |     1 ||     1
  Throw: Dart              |       |       |     2 |     1 ||     3
   Cast: Foxfire           |     4 |     3 |    12 |     3 ||    22
         Scorch            |     2 |     6 |    17 |    21 ||    46
         Inner Flame       |       |       |     4 |    13 ||    17
         Summon Guardian G |       |       |     2 |     5 ||     7
         Summon Small Mamm |       |       |     1 |     3 ||     4
         Call Canine Famil |       |       |     1 |     2 ||     3
         Mephitic Cloud    |       |       |       |     2 ||     2
         Irradiate         |       |       |       |     2 ||     2
  Evoke: Wand              |       |       |       |     2 ||     2
    Use: Potion            |     2 |       |     1 |       ||     3
         Scroll            |       |       |       |     1 ||     1
   Stab: Sleeping          |       |       |       |     1 ||     1
 Armour: Skin              |     2 |     1 |     1 |    11 ||    15
  Dodge: Dodged            |     1 |     2 |       |     5 ||     8

Table legend: (Time is in decaauts)
 A = Elapsed time spent in this place.
 B = Non-inter-level travel time spent in this place.
 C = Inter-level travel time spent in this place.
 D = Time resting spent in this place.
 E = Time spent auto-exploring this place.
 F = Levels seen in this place.
 G = Mean time per level.
                   A        B        C        D        E       F      G
               +--------+--------+--------+--------+--------+-----+--------+
         Total |   1751 |   1751 |      0 |   1089 |      0 |   1 | 1751.0 |
       Dungeon |   1751 |   1751 |      0 |   1089 |      0 |   1 | 1751.0 |
               +--------+--------+--------+--------+--------+-----+--------+

Top non-repeatable levels by time:
       D: 1751 daAuts
